 Dungeon Crawl Stone Soup version 0.31-a0-151-ge443d1f16c (webtiles) character file.

Game seed: 2644240256338084973

84 qw the Shooter (level 4, -1/38 HPs)
             Began as a Minotaur Hunter on June 8, 2023.
             Slain by Terence
             ... wielding a +0 mace
              (2 damage)
             ... on level 3 of the Dungeon.
             The game lasted 00:00:38 (1753 turns).

qw the Shooter (Minotaur Hunter)                    Turns: 1753, Time: 00:00:39

Health: -1/38      AC:  3    Str: 16    XL:     4   Next: 23%
Magic:  3/3        EV: 12    Int:  6    God:
Gold:   167        SH:  0    Dex: 15    Spells: 3/3 levels left

rFire   . . .        Y - +0 shortbow
rCold   . . .        (shield currently unavailable)
rNeg    . . .        c - +0 leather armour
rPois   .            (helmet restricted)
rElec   .            (no cloak)
rCorr   .            (no gloves)
SInv    .            (no boots)
Will    .....        (no amulet)
Stlth   +            (no ring)
HPRegen 0.26/turn    (no ring)
MPRegen 0.08/turn

%: no passive effects
@: no status effects
A: horns 2, retaliatory headbutt
a: no special abilities


You were on level 3 of the Dungeon.
You visited 1 branch of the dungeon, and saw 3 of its levels.

You collected 167 gold pieces.


Innate Abilities, Weirdness & Mutations

You have a pair of horns on your head.
You reflexively headbutt those who attack you in melee.


   Skills:
 + Level 3.3 Fighting
 - Level 6.0 Ranged Weapons
 - Level 2.1 Dodging
 - Level 0.7 Stealth


You had 3 spell levels left.
You didn't know any spells.
Your spell library was empty.

Inventory:

Hand Weapons
 Y - a +0 shortbow (weapon)
Armour
 c - a +0 leather armour (worn)
 e - a +0 ring mail
Potions
 a - a potion of heal wounds {unknown}
 b - a potion of curing {unknown}
 d - a potion of lignification {unknown}
 i - a potion of mutation {unknown}
 j - a potion of brilliance {unknown}

Dungeon Overview and Level Annotations

Branches:
Dungeon (3/15)

Altars:
Elyvilon

Annotations:
D:3 Terence


Message History

The arrow hits the worm but does no damage.
The worm is heavily wounded.
You shoot an arrow.
The arrow hits the worm but does no damage.
The worm is heavily wounded.
The worm barely misses you. You furiously retaliate!
You headbutt the worm. You shoot an arrow. The arrow hits the worm!
You kill the worm!
A hobgoblin comes into view.
Enter note:
Enter note: You shoot an arrow.
The arrow hits the hobgoblin!
You kill the hobgoblin!
Terence the Incautious comes into view.
He is wielding a +0 mace.
You shoot an arrow. The arrow hits Terence.
Terence is lightly wounded.
You shoot an arrow. The arrow closely misses Terence.
Terence drinks a potion.
Terence flickers and vanishes!
Deactivating autopickup; reactivate with Ctrl-A.
You shoot an arrow. Something hits you.
You shoot an arrow. Something barely misses you.
You shoot an arrow. Something hits you.
You shoot an arrow. Something hits you.
You shoot an arrow. Something hits you but does no damage.
You shoot an arrow. Something hits you!
You shoot an arrow. Something hits you.
You shoot an arrow. Something hits you.
You shoot an arrow. Something hits you. x2
You shoot an arrow. Something hits you.
You die...

##..# #.##.#.
#%##..# #.##(#. #.#
#.##.## ##.##
#.##.##..# ...
#.##...... ...
#.##.#...8 #.#
#.##.##... #{#
####.##.##...
#@####....##.##.#.
#.#.......%.##.##...
#...........##.###.#
#######........# #.#
##%..##### #.# #..##
#.# #..# #.# #..#
#.# #^.# #.#


There were no monsters in sight!

Vanquished Creatures
  Jessica (D:2)
  An adder (D:2)
  2 worms
  2 dart slugs
  5 endoplasms (D:2)
  2 giant cockroaches
  3 goblins
  A hobgoblin (D:3)
  2 quokkas (D:1)
  5 ball pythons
  5 bats
  4 frilled lizards
  6 kobolds
  A rat (D:1)
40 creatures vanquished.

Notes
Turn   | Place    | Note
-------+----------+-------------------------------------------
     0 | D:1      | qw the Minotaur Hunter began the quest for the Orb.
     0 | D:1      | Reached XP level 1. HP: 18/18 MP: 0/0
     0 | D:1      | 0 ||| qw: Version: 0.2-a-120-gdf1a93b
     0 | D:1      | 0 ||| qw: Game counter: 3099
     0 | D:1      | 0 ||| qw: Always use a shield: true
     0 | D:1      | 0 ||| qw: God list: Okawaru
     0 | D:1      | 0 ||| qw: Allow faded altars: false
     0 | D:1      | 0 ||| qw: Do Orc after D:15 true
     0 | D:1      | 0 ||| qw: Do second Lair branch before Depths: true
     0 | D:1      | 0 ||| qw: Lair rune preference: random
     0 | D:1      | 0 ||| qw: Plans: Normal
     0 | D:1      | 0 ||| PLANNING D:1-11
   172 | D:1      | Reached XP level 2. HP: 24/25 MP: 1/1
   372 | D:1      | Reached skill level 5 in Ranged Weapons
   642 | D:1      | 642 ||| READING scroll labelled OXASEF QAILOF.
   643 | D:1      | 643 ||| READING scroll labelled QIUTOSM MEHEPLIF.
   644 | D:1      | 644 ||| READING 2 scrolls labelled DEENYASUNT.
   645 | D:1      | 645 ||| READING scroll labelled ZANAOT ZISA.
   646 | D:1      | 646 ||| READING scroll labelled WIRGHAO ROAROKHLYRCH.
   649 | D:1      | 649 ||| DROPPING scroll of butterflies.
   650 | D:1      | 650 ||| DROPPING scroll of vulnerability.
   697 | D:2      | Identified the +9 dagger of Fate {freeze, rF+ Int+2 Dex+3}
   735 | D:2      | Reached skill level 3 in Fighting
   777 | D:2      | Reached XP level 3. HP: 17/31 MP: 2/2
  1105 | D:2      | Found a faded altar of an unknown god.
  1134 | D:2      | Noticed Jessica
  1136 | D:2      | Killed Jessica
  1236 | D:2      | Reached XP level 4. HP: 38/38 MP: 3/3
  1364 | D:2      | Reached skill level 6 in Ranged Weapons
  1478 | D:3      | 1478 ||| STAIRDANCE
  1596 | D:3      | Found a faded altar of an unknown god.
  1606 | D:3      | Found a white marble altar of Elyvilon.
  1741 | D:3      | Noticed Terence
  1751 | D:3      | HP: 9/38 [something (3)]
  1752 | D:3      | HP: 1/38 [something (4)]
  1753 | D:3      | Slain by Terence

Levels and vault maps discovered:
D:1:      arrival_zaba_pyramid, layout_basic, corexii_leaking_fountain
D:2:      layout_basic, chequers_ecumenical_altar_twisty, uniq_jessica
D:3:      layout_loops_ring, nicolae_overflow_ecumenical_swirl,
          ebering_ghost_rock_garden, due_unseen_surprise, uniq_natasha,
          uniq_terence, uniq_ijyb

Skill      XL: |  1  2  3  4 |
---------------+-------------+-----
Ranged Weapons | 5 6 |  6.0
Fighting       | 3 |  3.3
Dodging        | |  2.1
Stealth        | |  0.7

Action                     |  1- 3 |  4- 6 || total
---------------------------+-------+-------++-------
   Fire: Shortbow          |    88 |    46 ||   134
    Use: Scroll            |     5 |       ||     5
 Armour: Leather armour    |    10 |     5 ||    15
  Dodge: Dodged            |    18 |    16 ||    34

Table legend:
 A = Non-vault XP
 B = Vault XP
 C = Vault XP percentage of total XP
 D = Non-vault monster count
 E = Vault monster count
 F = Vault count percentage of total count
                 A         B        C        D         E       F
            +---------+---------+-------+---------+---------+-------
      Total |      83 |      37 |  30.8 |      39 |       1 |   2.5
            +---------+---------+-------+---------+---------+-------
        D:1 |      18 |       0 |   0.0 |      12 |       0 |   0.0
        D:2 |      50 |      37 |  42.5 |      20 |       1 |   4.8
        D:3 |      15 |       0 |   0.0 |       7 |       0 |   0.0
            +---------+---------+-------+---------+---------+-------
